 Dungeon Sprint DCSS version 0.29-a0-653-gd47aff6735 (webtiles) character file.

Game seed: 11828786789629754571

3194 purpskrrrp the Dealer of Despair (level 9, -2/81 HPs)
             Began as a Naga Wanderer on June 22, 2022.
             Was an Elder of Kikubaaqudgha.
             Collided with a stone wall (11 damage)
             ... caused by an oklob plant conjurer
             ... in the Dungeon (Sprint IV: "Fedhas' Mad Dash").
             The game lasted 00:38:05 (3602 turns).

purpskrrrp the Dealer of Despair (Naga Wanderer)    Turns: 3602, Time: 00:38:05

Health: -2/81      AC: -2    Str: 12    XL:     9   Next: 96%
Magic:  18/26      EV: 10    Int: 18    God:    Kikubaaqudgha [****..]
Gold:   195        SH:  0    Dex: 12    Spells: 25/35 levels left

rFire   . . .      SeeInvis +   f - staff of earth
rCold   . . .      Faith    .   (no shield)
rNeg    . . .      Spirit   .   e - +0 robe
rPois   +          Reflect  .   (no helmet)
rElec   .          Harm     .   c - +0 cloak
rCorr   .          Rampage  .   (no gloves)
Will    +....      NoTele   +   (no barding)
Stlth   ++++......              k - amulet of invisibility {+Inv}
HPRegen 0.23/turn               (no ring)
MPRegen 0.20/turn               (no ring)

@: corroded, studying Hexes, very slow
A: AC +3, large, see invisible, deformed body, poison resistance, slowness 2,
spit poison 1, naga tail 1
a: Spit Poison, Renounce Religion, Evoke Invisibility, Unearth Wretches


You were in the Dungeon.
You worshipped Kikubaaqudgha.
Kikubaaqudgha was greatly pleased with you.
You visited 1 branch You collected 195 gold pieces.

Inventory:

Hand Weapons
 a - a +2 dagger
 j - a +0 flail
Armour
 c - a +0 cloak (worn)
 e - a +0 robe (worn)
Magical Staves
 f - a staff of earth (weapon)
Jewellery
 k - the amulet of invisibility (around neck) {+Inv}
   (You found it in the Dungeon)

   [amulet of nothing]

   +Inv:      It lets you turn invisible.
Scrolls
 i - a scroll of blinking
Potions
 b - 2 potions of berserk rage
 d - 2 potions of curing
 h - 2 potions of magic
Miscellaneous
 g - a condenser vane


   Skills:
 + Level 5.0 Fighting
 + Level 1.3 Armour
 + Level 3.2 Dodging
 + Level 10.2 Stealth
 + Level 13.7 Spellcasting
 + Level 2.4 Hexes
 + Level 14.3 Necromancy
 + Level 2.1 Evocations


You had 25 spell levels left.
You knew the following spells:

 Your Spells              Type           Power      Damage    Failure   Level
a - Necrotize             Necr           100%       1d9       0%          1
b - Vampiric Draining     Necr           59%        2d10      1%          3
c - Sublimation of Blood  Necr           59%        N/A       1%          2
d - Anguish               Hex/Necr       21%        N/A       1%          4

Your spell library contained the following spells:

 Spells                   Type           Power      Damage    Failure   Level
 Dispel Undead            Necr           59%        3d21      1%          4
 Death Channel            Necr           29%        N/A       2%          6
 Corpse Rot               Necr/Pois/Air  29%        N/A       8%          4
 Borgnjor's Vile Clutch   Necr/Erth      27%        N/A       8%          5
 Leda's Liquefaction      Hex/Erth       12%        N/A       32%         4
 Simulacrum               Ice/Necr       19%        N/A       41%         6
 Lee's Rapid Deconstruct  Erth           9%         3d8*      83%         5
 Statue Form              Tmut/Erth      12%        N/A       100%        6


Dungeon Overview and Level Annotations

Branches:
Dungeon (1/1)

Altars:
Cheibriados
Dithmenos
Elyvilon
Gozag
Hepliaklqana
Kikubaaqudgha
Makhleb
Nemelex Xobeh
Okawaru
Qazlal
Ru
Sif Muna
Trog
Uskayaw
Vehumet
Wu Jian
Xom
Yredelemnul
Zin
The Shining One
Beogh
Jiyva
Lugonu

Shops:
D ?**[

Annotations:
D exclusion: oklob plant


Innate Abilities, Weirdness & Mutations

Your serpentine skin is tough. (AC +3)
You have supernaturally acute eyesight. (SInv)
Armour fits poorly on your strangely shaped body.
Your system is resistant to poisons. (rPois)
You cover ground very slowly.
You can spit poison.
You have a snake-like lower body.


Message History

The oklob plant conjurer struggles to resist.
Aiming: Necrotize (safe; 0% risk of failure)
Press: ? - help, Q - select action, (/) - cycle Shift-Dir - straight line, f/p - oklob plant conjurer
Aim: an oklob plant conjurer (moderately damaged, chance to affect: 70%)
The oklob plant conjurer writhes in agony!
The oklob plant conjurer spits acid at you.
The splash of acid hits you! The acid corrodes you!
Aiming: Necrotize (safe; 0% risk of failure)
Press: ? - help, Q - select action, (/) - cycle Shift-Dir - straight line, f/p - oklob plant conjurer
Aim: an oklob plant conjurer (heavily damaged, chance to affect: 70%)
The oklob plant conjurer struggles to resist.
Aiming: Necrotize (safe; 0% risk of failure)
Press: ? - help, Q - select action, (/) - cycle Shift-Dir - straight line, f/p - oklob plant conjurer
Aim: an oklob plant conjurer (heavily damaged, chance to affect: 70%)
The oklob plant conjurer struggles to resist.
Aiming: Necrotize (safe; 0% risk of failure)
Press: ? - help, Q - select action, (/) - cycle Shift-Dir - straight line, f/p - oklob plant conjurer
Aim: an oklob plant conjurer (heavily damaged, chance to affect: 70%)
The oklob plant conjurer writhes in agony.
The oklob plant conjurer spits acid at you.
The splash of acid hits you!! The acid corrodes you!
Aiming: Necrotize (safe; 0% risk of failure)
Press: ? - help, Q - select action, (/) - cycle Shift-Dir - straight line, f/p - oklob plant conjurer
Aim: an oklob plant conjurer (severely damaged, chance to affect: 70%)
The oklob plant conjurer writhes in agony!
Aiming: Necrotize (safe; 0% risk of failure)
Press: ? - help, Q - select action, (/) - cycle Shift-Dir - straight line, f/p - oklob plant conjurer
Aim: an oklob plant conjurer (almost destroyed, chance to affect: 70%)
The oklob plant conjurer struggles to resist.
Aiming: Necrotize (safe; 0% risk of failure)
Press: ? - help, Q - select action, (/) - cycle Shift-Dir - straight line, f/p - oklob plant conjurer
Aim: an oklob plant conjurer (almost destroyed, chance to affect: 70%)
The oklob plant conjurer struggles to resist.
The oklob plant conjurer stares at you and mumbles some strange words.
The lance of force hits you!!
* * * LOW HITPOINT WARNING * * *
You are knocked back by the lance of force.
You slam into the stone wall!
You die...
Kikubaaqudgha rasps: "You have failed me!
Welcome... death!"

)..'.._._._._._..'.)#...#....'..#
...#..._._._._...#..###'##.([##∩#
#'##.._._._._._..#..##∩∩.'...####
...#._._._._._.⌠.#############
...###############
####♣♣♣♣♣..♣)###.+ ..'......♣..♣#
P.# ..#♣..♣♣♣.♣).###.#
..#.♣♣..♣...♣'..@#
##################


You could see an oklob plant conjurer.

Vanquished Creatures
  A spriggan druid (D)
  2 oklob plants (D)
  3 burning bushes (D)
  3 wandering mushrooms (D)
  2 scorpions (D)
  A killer bee (D)
  5 oklob saplings (D)
  2 spriggans (D)
  A river rat (D)
  A rat (D)
21 creatures vanquished.

Vanquished Creatures (collateral kills)
  A scorpion (D)
1 creature vanquished.

Vanquished Creatures (others)
  A cyclops (D)
  An unseen horror (D)
  A queen bee (D)
  A slime creature (D)
  3 killer bees (D)
7 creatures vanquished.

Grand Total: 29 creatures vanquished

Notes
Turn   | Place    | Note
-------+----------+-------------------------------------------
     0 | D        | purpskrrrp the Naga Wanderer began the quest for the Orb.
     0 | D        | purpskrrrp set off with the following items: a +2 dagger, 2
                  | potions of berserk rage, a +0 cloak, 2 potions of curing, a
                  | +0 robe, a potion of heal wounds, a potion of haste, 2
                  | potions of magic, a scroll of blinking; and the following
                  | spell memorised: Necrotize; and the following spells
                  | available to memorise: Vampiric Draining.
     0 | D        | Reached XP level 1. HP: 19/19 MP: 2/2
     9 | D        | Reached XP level 2. HP: 27/27 MP: 0/3
    54 | D        | Noticed an oklob sapling
    94 | D        | Killed an oklob sapling
    95 | D        | Reached skill level 3 in Necromancy
    95 | D        | Reached XP level 3. HP: 34/34 MP: 0/6
    96 | D        | Noticed a scorpion
    96 | D        | Found the amulet of invisibility {+Inv}
   160 | D        | Killed a scorpion
   161 | D        | Reached skill level 4 in Necromancy
   161 | D        | Reached XP level 4. HP: 30/44 MP: 1/9
   230 | D        | Found an opulent altar of Gozag.
   230 | D        | Found a hazy altar of Hepliaklqana.
   230 | D        | Found a burning altar of Makhleb.
   230 | D        | Found a sparkling altar of Nemelex Xobeh.
   230 | D        | Found a sacrificial altar of Ru.
   230 | D        | Found a shimmering blue altar of Sif Muna.
   230 | D        | Found an ornate altar of the Wu Jian Council.
   230 | D        | Found a shimmering altar of Xom.
   230 | D        | Found a basalt altar of Yredelemnul.
   231 | D        | Found a viscous altar of Jiyva.
   231 | D        | Found a snail-covered altar of Cheibriados.
   231 | D        | Found a bloodstained altar of Trog.
   231 | D        | Noticed an oklob sapling priest
   232 | D        | Found an iron altar of Okawaru.
   232 | D        | Found a glowing silver altar of Zin.
   232 | D        | Found a shadowy altar of Dithmenos.
   233 | D        | Found a hide-covered altar of Uskayaw.
   233 | D        | Found an ancient bone altar of Kikubaaqudgha.
   240 | D        | Killed an oklob sapling priest
   241 | D        | Reached skill level 5 in Necromancy
   241 | D        | Reached XP level 5. HP: 19/50 MP: 2/11
   431 | D        | Found a glowing golden altar of the Shining One.
   431 | D        | Found a stormy altar of Qazlal.
   431 | D        | Found a white marble altar of Elyvilon.
   432 | D        | Found a radiant altar of Vehumet.
   432 | D        | Found a corrupted altar of Lugonu.
   439 | D        | Became a worshipper of Kikubaaqudgha
   450 | D        | Reached skill level 10 in Stealth
   450 | D        | Reached skill level 6 in Necromancy
   520 | D        | Learned a level 3 spell: Vampiric Draining
   542 | D        | Reached skill level 5 in Spellcasting
   545 | D        | Reached * piety under Kikubaaqudgha
   545 | D        | Received a gift from Kikubaaqudgha
   548 | D        | Reached skill level 7 in Necromancy
   548 | D        | Reached XP level 6. HP: 42/58 MP: 3/15
   642 | D        | Found Zaruuxt's Assorted Antiques.
   642 | D        | Found Lilol's Magic Scroll Emporium.
   651 | D        | Noticed a burning bush
   651 | D        | Noticed a wandering mushroom
   655 | D        | Noticed a wandering mushroom
   658 | D        | Reached skill level 8 in Necromancy
   692 | D        | Killed a wandering mushroom
   692 | D        | Reached ** piety under Kikubaaqudgha
   693 | D        | Reached skill level 9 in Necromancy
   693 | D        | Reached XP level 7. HP: 53/66 MP: 1/18
  1032 | D        | Killed a burning bush
  1033 | D        | Reached skill level 10 in Necromancy
  1036 | D        | Learned a level 2 spell: Sublimation of Blood
  1045 | D        | Learned a level 4 spell: Anguish
  1098 | D        | Found Gylef's Armour Emporium.
  1098 | D        | Found Ingetaqeh's General Store.
  1156 | D        | Noticed a queen bee
  1167 | D        | Reached XP level 8. HP: 23/73 MP: 10/21
  1167 | D        | Reached *** piety under Kikubaaqudgha
  1167 | D        | Received a gift from Kikubaaqudgha
  1170 | D        | Reached skill level 10 in Spellcasting
  1176 | D        | Killed a queen bee
  1177 | D        | Reached skill level 1 in Hexes
  1177 | D        | Reached skill level 11 in Necromancy
  1498 | D        | Noticed an oklob plant
  2112 | D        | Noticed a burning bush
  2124 | D        | Killed a burning bush
  2236 | D        | Noticed a burning bush
  2236 | D        | Noticed an oklob plant
  2237 | D        | Noticed a wandering mushroom
  2245 | D        | Killed a burning bush
  2245 | D        | Reached **** piety under Kikubaaqudgha
  2246 | D        | Reached skill level 12 in Necromancy
  2246 | D        | Reached XP level 9. HP: 31/80 MP: 8/24
  2337 | D        | Killed a wandering mushroom
  2827 | D        | Killed an oklob plant
  2828 | D        | Reached skill level 13 in Necromancy
  2828 | D        | Reached skill level 1 in Evocations
  3120 | D        | Killed an oklob plant
  3427 | D        | Noticed a spriggan druid
  3435 | D        | Killed a spriggan druid
  3436 | D        | Reached skill level 5 in Fighting
  3436 | D        | Reached skill level 14 in Necromancy
  3592 | D        | Noticed an oklob plant conjurer
  3602 | D        | Collided with a stone wall

Illustrated notes

Levels and vault maps discovered:
D:        dungeon_sprint_fedhas [sprint_temple]

Skill      XL: |  1  2  3  4  5  6  7  8  9 |
---------------+----------------------------+-----
Stealth        | 6 8 9 10 | 10.2
Fighting       | 3 4 5 |  5.0
Spellcasting   | 2 3 4 6 8 9 11 13 | 13.7
Necromancy     | 3 4 5 7 9 10 12 14 | 14.3
Dodging        | 2 3 |  3.2
Hexes          | 1 2 |  2.4
Evocations     | 2 |  2.1
Armour         | |  1.3

Action                   |  1- 3 |  4- 6 |  7- 9 || total
-------------------------+-------+-------+-------++-------
Melee: Dagger            |     1 |       |       ||     1
       Flail             |     3 |     2 |     2 ||     7
 Cast: Necrotize         |    14 |    42 |   107 ||   163
       Vampiric Draining |       |       |    16 ||    16
       Anguish           |       |       |     5 ||     5
       Sublimation of Bl |       |       |     2 ||     2
Invok: Unearth Wretches  |       |       |     1 ||     1
 Abil: Evoke Invisibilit |       |       |     1 ||     1
Evoke: Wand              |       |       |     6 ||     6
  Use: Potion            |       |       |     3 ||     3
Armor: Robe              |     1 |     1 |     7 ||     9
Dodge: Dodged            |     4 |     9 |    22 ||    35

Table legend: (Time is in decaauts)
 A = Elapsed time spent in this place.
 B = Non-inter-level travel time spent in this place.
 C = Inter-level travel time spent in this place.
 D = Time resting spent in this place.
 E = Time spent auto-exploring this place.
 F = Levels seen in this place.
 G = Mean time per level.
                   A        B        C        D        E       F      G
               +--------+--------+--------+--------+--------+-----+--------+
         Total |   3735 |   3372 |    363 |   2925 |      4 |   1 | 3735.0 |
       Dungeon |   3735 |   3372 |    363 |   2925 |      4 |   1 | 3735.0 |
               +--------+--------+--------+--------+--------+-----+--------+

Top non-repeatable levels by time:
       D: 3735 daAuts
